 Dungeon Crawl Stone Soup version 0.29.1-15-g9cfb28693d (webtiles) character file.

Game seed: 17357473859752203324

28066 redmage the Arsonist (level 14, -11/93 HPs)
             Began as a Meteoran Earth Elementalist on Sept 14, 2023.
             Was a High Priest of Sif Muna.
             Mangled by a seven-headed hydra (12 damage)
             ... on level 1 of the Swamp.
             The game lasted 01:43:03 (5126 turns).

redmage the Arsonist (Meteoran Earth Elementalist)  Turns: 5126, Time: 01:43:04

Health: -11/93     AC:  8    Str: 10    XL:     14   Next: 7%
Magic:  17/31      EV: 13    Int: 17    God:    Sif Muna [*****.]
Gold:   535        SH:  0    Dex: 17    Spells: 4/37 levels left

rFire   + . .      SeeInvis +   K - staff of fire
rCold   . . .      Faith    .   (no shield)
rNeg    . . .      Spirit   .   a - +0 robe
rPois   +          Reflect  .   (no helmet)
rElec   .          Harm     .   u - +1 cloak {rPois}
rCorr   .          Rampage  .   j - +3 Mad Mage's Maulers {Infuse+∞ RegenMP Int-3}
Will    +....                   (no boots)
Stlth   +.........              s - amulet of the acrobat
HPRegen 0.25/turn               z - ring of see invisible
MPRegen 0.62/turn               g - +4 ring of slaying

@: glowing
A: sense surroundings 2, otherworldly, glowing, explore regen
a: Renounce Religion, Channel Magic, Forget Spell, Divine Exegesis


You were on level 1 of the Swamp.
You worshipped Sif Muna.
Sif Muna was extremely pleased with you.
You visited 4 branches of the dungeon, and saw 19 of its levels.
You also visited: Sewer and Ossuary.

You collected 854 gold pieces.
You spent 319 gold pieces at shops.

Inventory:

Hand Weapons
 k - the +10 sling of the Bespelling Gods {freeze, rN+ Will+}
   (You found it on level 5 of the Dungeon)

   Any ammunition fired from it freezes those it strikes, dealing additional
   cold damage.
   It can also slow down cold-blooded creatures.
   rN:        It protects you from negative energy.
   Will:      It increases your willpower.
Missiles
 q - 7 curare-tipped darts
Armour
 a - a +0 robe (worn)
 j - the +3 Mad Mage's Maulers (worn) {Infuse+∞ RegenMP Int-3}
   (You acquired it on level 6 of the Dungeon)

   It empowers its wearer's blows with all of their magic.
   It causes its wearer's magical reserves to regenerate more quickly.
   Int:       It affects your intelligence (-3).
 l - the +1 ring mail of Wu Jian, Building {Harm +Blink rF+}
   (You found it on level 5 of the Dungeon)

   rF:        It protects you from fire.
   +Blink:    It lets you blink.
   Harm:      It increases damage dealt and taken.
 u - a +1 cloak of poison resistance (worn)
Magical Staves
 m - a staff of earth
 K - a staff of fire (weapon)
Jewellery
 e - a ring of ice
 g - a +4 ring of slaying (right hand)
 n - an amulet of faith
 s - an amulet of the acrobat (around neck)
 z - a ring of see invisible (left hand)
 N - a ring of protection from cold
Wands
 t - a wand of paralysis (5)
 w - a wand of flame (19)
 H - a wand of polymorph (4)
Scrolls
 f - 5 scrolls of teleportation
 v - a scroll of brand weapon
 x - 2 scrolls of poison
 y - 2 scrolls of immolation
 B - 4 scrolls of fog
 C - a scroll of amnesia
 E - a scroll of enchant armour
 G - a scroll of magic mapping {unknown}
 J - a scroll of vulnerability
 O - a scroll of fear
Potions
 b - 3 potions of flight
 c - 6 potions of lignification
 d - 3 potions of haste {unknown}
 h - 2 potions of degeneration {unknown}
 i - 3 potions of cancellation {unknown}
 o - 4 potions of curing
 p - a potion of resistance {unknown}
 r - 3 potions of might {unknown}
 A - 8 potions of ambrosia
 D - a potion of berserk rage
 F - 2 potions of brilliance {unknown}
 L - a potion of magic
 M - a potion of mutation {unknown}
 P - a potion of invisibility {unknown}
Miscellaneous
 I - a condenser vane


   Skills:
 - Level 6.0 Ranged Weapons
 - Level 2.4 Dodging
 - Level 1.4 Stealth
 - Level 12.2 Spellcasting
 - Level 6.0 Conjurations
 + Level 7.1 Summonings
 * Level 0.5 Necromancy
 - Level 9.1 Translocations
 - Level 4.2 Transmutations
 - Level 12.9 Fire Magic
 - Level 6.0 Ice Magic
 - Level 8.0 Earth Magic
 - Level 10.0 Invocations


You had 4 spell levels left.
You knew the following spells:

 Your Spells              Type           Power      Damage    Failure   Level
a - Sandblast             Erth           74%        2d16      1%          1
b - Passwall              Tmut/Erth      25%        N/A       1%          2
c - Stone Arrow           Conj/Erth      68%        3d11      1%          3
d - Frozen Ramparts       Ice            60%        1d10      1%          3
e - Summon Ice Beast      Ice/Summ       32%        N/A       4%          4
f - Animate Dead          Necr           12%        N/A       47%         4
g - Summon Forest         Summ/Tloc      19%        N/A       7%          5
h - Starburst             Conj/Fire      29%        6d9       22%         6
q - Apportation           Tloc           82%        N/A       1%          1
z - Passage of Golubria   Tloc           41%        N/A       1%          4

Your spell library contained the following spells:

 Spells                   Type           Power      Damage    Failure   Level
 Magic Dart               Conj           100%       1d8       1%          1
 Searing Ray              Conj           60%        2d6       1%          2
 Ensorcelled Hibernation  Hex/Ice        40%        N/A       3%          2
 Iskenderun's Mystic Bla  Conj/Tloc      36%        2d9       3%          4
 Petrify                  Tmut/Erth      31%        N/A       5%          4
 Dazzling Flash           Conj/Hex       40%        N/A       6%          3
 Spider Form              Tmut/Pois      17%        N/A       9%          3
 Ice Form                 Ice/Tmut       27%        N/A       9%          4
 Tukima's Dance           Hex            10%        N/A       21%         3
 Fulminant Prism          Conj/Hex       10%        3d9       21%         4
 Anguish                  Hex/Necr       5%         N/A       52%         4
 Alistair's Intoxication  Tmut/Pois      11%        N/A       61%         5
 Yara's Violent Unravell  Hex/Tmut       8%         3d5       61%         5
 Summon Hydra             Summ           17%        N/A       97%         7
 Eringya's Noxious Bog    Tmut/Pois      8%         N/A       99%         6
 Haunt                    Necr/Summ      11%        N/A       100%        7
 Infestation              Necr           6%         N/A       100%        8


Dungeon Overview and Level Annotations

Branches:
Dungeon (12/15) Zot: 4324  Temple (1/1) D:7 Zot: 522    Lair (5/5) D:8 Zot: 1218
  Swamp (1/4) Lair:3 Zot: 580  Spider (0/4) Lair:3        Slime (0/5) Lair:4
  Sewer (visited)         Ossuary (visited)
    Orc: D:9-12

Altars:
Kikubaaqudgha
Okawaru
Sif Muna
Uskayaw
Wu Jian
Zin
Jiyva

Shops:
D:7 [   D:11 *

Portals:
Ice
Cave: Lair:1

Annotations:
D:5 Menkaure
Lair:5 1 runed translucent door, suse60's ghost, journeyman HuFi


Innate Abilities, Weirdness & Mutations

You passively map the area around you.
You are easily found by Zot.
You glow in the dark.
You regain HP and MP as you explore.


Message History

The seven-headed hydra bites you.
The seven-headed hydra bites you but does no damage.
The seven-headed hydra bites you! The seven-headed hydra bites you.
The seven-headed hydra bites you but does no damage. x2
The seven-headed hydra bites you.
Casting: Stone Arrow (safe; 1% risk of failure)
Confirm with . or Enter, or press ? or * to list all spells.
Aiming: Stone Arrow (safe; 1% risk of failure)
Press: ? - help, Shift-Dir - straight line, f/p - seven-headed hydra
Aim: a seven-headed hydra (heavily wounded, ally target, 91% to hit)
The stone arrow hits the seven-headed hydra!!
The seven-headed hydra is almost dead.
The vampire mosquito is engulfed in a cloud of scalding steam.
The seven-headed hydra bites you!
* * * LOW HITPOINT WARNING * * *
The seven-headed hydra bites you.
* * * LOW HITPOINT WARNING * * *
The seven-headed hydra bites you but does no damage.
The seven-headed hydra bites you.
* * * LOW HITPOINT WARNING * * *
The seven-headed hydra closely misses you. x3
Unknown command.
Casting: Stone Arrow (safe; 1% risk of failure)
Confirm with . or Enter, or press ? or * to list all spells.
Aiming: Stone Arrow (safe; 1% risk of failure)
Press: ? - help, Shift-Dir - straight line, f/p - seven-headed hydra
Aim: a seven-headed hydra (almost dead, ally target, 91% to hit)
The stone arrow misses the seven-headed hydra.
The stone arrow misses the swamp worm.
The vampire mosquito bites you.
* * * LOW HITPOINT WARNING * * *
The vampire mosquito draws strength from your injuries!
The vampire mosquito bites you.
* * * LOW HITPOINT WARNING * * *
The vampire mosquito draws strength from your injuries!
The seven-headed hydra closely misses you.
The seven-headed hydra barely misses you.
The seven-headed hydra bites you!
* * * LOW HITPOINT WARNING * * *
The seven-headed hydra bites you!
You die...

* * * ♣♣♣♣♣ *
, * ,* ♣§§○♣♣
, , * ♣§@.○♣
, * * ♣♣~Dy♣♣
, * , ~
♣.~§Y.♣* , ,
*,~ *
♣§♣.w~.☼♣ ~~,
,,, ,, *
♣♣.~~...♣ *,
, * ♣.~~~~.♣
, , ~ *,
*♣...~~..♣ *
~ ~
,,♣..~♣≈♣>~..
~ ~~
~..~♣≈≈≈♣.♣~♣


You could see a seven-headed hydra (ally target), a swamp worm, a vampire
mosquito and a friendly ice beast (summoned).

Vanquished Creatures
  A hydra (Lair:3)
  2 two-headed ogres
  A deep troll shaman (Lair:5)
  3 death yaks (Lair:5)
  A bog body (Lair:3)
  A lindwurm (Lair:5)
  A manticore (D:11)
  9 elephants
  Joseph (D:7)
  A black mamba (Lair:4)
  6 cane toads
  An unseen horror (D:10)
  2 rime drakes (Lair:1)
  6 komodo dragons
  3 polar bears (Lair:5)
  A queen bee (D:9)
  A wraith (D:11)
  11 yaks
  4 wyverns
  2 basilisks
  3 vampire mosquitoes
  6 water moccasins
  A sky beast (D:6)
  Pargi (Sewer)
  3 orc warriors
  2 black bears
  An ice beast (D:7)
  7 wolves
  4 centaurs
  A phantom (D:7)
  An elf zombie (Ossuary)
  A kobold brigand (D:9)
  A gnoll sergeant (D:6)
  9 bullfrogs
  5 scorpions
  2 necrophages
  16 wights
  20 killer bees
  An electric eel (Lair:3)
  3 howler monkeys
  2 human zombies (Ossuary)
  2 jellies
  3 orc priests
  2 hounds
  8 orc wizards
  2 mummies (Ossuary)
  8 gnolls
  3 adders
  3 river rats (D:4)
  A nameless horror (D:10)
  2 shadow imps (D:8)
  A white imp (D:5)
  An ufetubus (D:7)
  4 adder zombies (Ossuary)
  7 worms
  33 orcs
  3 ball pythons
  2 bats
  2 endoplasms
  4 giant cockroaches
  2 goblins
  3 hobgoblins
  A quokka (D:4)
  A frilled lizard (D:1)
  8 hobgoblin zombies (Ossuary)
  A jackal zombie (Ossuary)
  11 kobolds
  6 kobold zombies (Ossuary)
  11 orc zombies (Ossuary)
283 creatures vanquished.

Vanquished Creatures (collateral kills)
  A catoblepas (Lair:5)
  An elephant (Lair:5)
  A black mamba (Lair:4)
  2 cane toads
  Maggie (D:9)
  A rime drake (Lair:5)
  6 yaks
  2 vampire mosquitoes (D:11)
  4 water moccasins (Lair:5)
  2 orc warriors (D:10)
  2 black bears
  A centaur (D:9)
  3 wolves (Lair:5)
  2 bullfrogs
  A gnoll sergeant (D:7)
  A killer bee (D:9)
  A howler monkey (D:9)
  A gnoll (D:7)
  7 orcs (D:10)
  2 giant cockroaches (Lair:3)
  A kobold (D:11)
43 creatures vanquished.

Vanquished Creatures (others)
  A bloated husk (Swamp:1)
  34 fungi
  36 plants
  2 withered plants (Lair:5)
73 creatures vanquished.

Grand Total: 399 creatures vanquished

Notes
Turn   | Place    | Note
-------+----------+-------------------------------------------
     0 | D:1      | redmage the Meteoran Earth Elementalist began the quest for
                  | the Orb.
     0 | D:1      | Reached XP level 1. HP: 14/14 MP: 5/5
    58 | D:1      | Reached XP level 2. HP: 20/20 MP: 3/6
   153 | D:3      | Reached XP level 3. HP: 20/26 MP: 4/8
   156 | D:3      | Learned a level 2 spell: Passwall
   160 | D:3      | Learned a level 3 spell: Stone Arrow
   274 | D:4      | Learned a level 3 spell: Frozen Ramparts
   332 | D:4      | Noticed a scorpion
   339 | D:4      | Killed a scorpion
   340 | D:4      | Reached skill level 1 in Conjurations
   340 | D:4      | Reached skill level 1 in Ice Magic
   340 | D:4      | Reached XP level 4. HP: 9/33 MP: 6/11
   340 | D:4      | Reached XP level 5. HP: 10/38 MP: 6/12
   390 | D:4      | Found a sand-covered staircase.
   395 | Ossuary  | Entered an ossuary
   510 | Ossuary  | Reached skill level 5 in Earth Magic
   510 | Ossuary  | Reached XP level 6. HP: 37/45 MP: 0/13
   691 | Ossuary  | Reached XP level 7. HP: 14/50 MP: 4/15
   767 | D:4      | Found a glowing drain.
   771 | Sewer    | Entered a sewer
   806 | Sewer    | Noticed Pargi
   817 | Sewer    | Killed Pargi
   818 | Sewer    | Reached skill level 5 in Spellcasting
   916 | D:5      | Entered Level 5 of the Dungeon
   932 | D:5      | Identified the +10 sling of the Bespelling Gods {freeze,
                  | rN+ Will+}
   950 | D:5      | Reached XP level 8. HP: 57/57 MP: 5/16
   950 | D:5      | Identified the +1 ring mail of Wu Jian, Building {Harm
                  | +Blink rF+}
  1018 | D:5      | Reached skill level 5 in Ice Magic
  1044 | D:4      | Reached skill level 1 in Ranged Weapons
  1196 | D:4      | You fall into a shaft and drop 3 floors!
  1204 | D:7      | Noticed a wyvern
  1213 | D:7      | Killed a wyvern
  1214 | D:7      | Reached skill level 5 in Conjurations
  1214 | D:7      | Gained mutation: You passively map the area around you.
                  | [Meteoran growth]
  1214 | D:7      | Reached XP level 9. HP: 14/62 MP: 1/19
  1235 | D:6      | Identified a scroll of acquirement
  1235 | D:6      | Acquired the +3 Mad Mage's Maulers {Infuse+∞ RegenMP Int-3}
  1235 | D:6      | Found the +3 Mad Mage's Maulers {Infuse+∞ RegenMP Int-3}
  1306 | D:5      | Noticed Menkaure
  1344 | D:5      | Learned a level 4 spell: Summon Ice Beast
  1513 | D:5      | Reached skill level 1 in Summonings
  1859 | D:7      | Found Cibb's Armour Boutique.
  1862 | D:7      | Bought a +1 cloak of poison resistance for 202 gold pieces
  1887 | D:7      | Noticed Joseph
  1901 | D:7      | Reached XP level 10. HP: 57/69 MP: 6/22
  1909 | D:7      | Killed Joseph
  1910 | D:7      | Reached skill level 5 in Ranged Weapons
  1919 | D:7      | Reached skill level 5 in Summonings
  2019 | D:7      | Found a staircase to the Ecumenical Temple.
  2028 | Temple   | Entered the Ecumenical Temple
  2067 | Temple   | Became a worshipper of Sif Muna the Loreminder
  2241 | D:8      | Noticed a two-headed ogre
  2248 | D:8      | Killed a two-headed ogre
  2367 | D:9      | Reached * piety under Sif Muna
  2376 | D:9      | Reached XP level 11. HP: 74/74 MP: 15/25
  2409 | D:9      | Reached skill level 10 in Spellcasting
  2441 | D:9      | Reached skill level 1 in Invocations
  2560 | D:9      | Reached skill level 5 in Invocations
  2599 | D:9      | Noticed Maggie
  2601 | D:9      | Reached ** piety under Sif Muna
  2609 | D:9      | Killed Maggie
  2639 | D:10     | Entered Level 10 of the Dungeon
  2720 | D:10     | Noticed a two-headed ogre
  2731 | D:10     | Killed a two-headed ogre
  2862 | D:10     | Reached *** piety under Sif Muna
  2919 | D:11     | Noticed a manticore
  3046 | D:11     | Found Qudoiwk's General Store.
  3132 | D:11     | Bought a scroll of fear for 52 gold pieces
  3132 | D:11     | Bought a potion of heal wounds for 65 gold pieces
  3229 | D:11     | Killed a manticore
  3230 | D:11     | Reached XP level 12. HP: 56/81 MP: 9/29
  3310 | D:8      | Found a staircase to the Lair.
  3343 | Lair:1   | Entered Level 1 of the Lair of Beasts
  3379 | Lair:2   | Learned a level 4 spell: Passage of Golubria
  3424 | Lair:1   | Reached skill level 1 in Translocations
  3424 | Lair:1   | Reached skill level 10 in Invocations
  3432 | Lair:1   | Found a frozen archway.
  3507 | Lair:3   | Found a hole to the Spider Nest.
  3585 | Lair:3   | Reached skill level 5 in Translocations
  3626 | Lair:3   | Learned a level 6 spell: Starburst
  3648 | Lair:3   | Reached skill level 1 in Fire Magic
  3680 | Lair:3   | Noticed an eight-headed hydra
  3695 | Lair:3   | Killed an eight-headed hydra
  3828 | Lair:3   | Reached **** piety under Sif Muna
  3912 | Lair:2   | Reached skill level 5 in Fire Magic
  4021 | Lair:2   | Reached XP level 13. HP: 63/86 MP: 21/30
  4106 | Lair:3   | Found a staircase to the Swamp.
  4162 | Lair:4   | Acquired a book of Party Tricks
  4166 | Lair:4   | Learned a level 1 spell: Apportation
  4185 | Lair:4   | Noticed a seven-headed hydra
  4235 | Lair:4   | Found a viscous altar of Jiyva.
  4235 | Lair:4   | Found a staircase to the Slime Pits.
  4251 | Lair:5   | Entered Level 5 of the Lair of Beasts
  4457 | Lair:5   | Reached ***** piety under Sif Muna
  4511 | Lair:5   | Reached skill level 10 in Fire Magic
  4584 | Lair:5   | Noticed a death yak
  4584 | Lair:5   | Noticed a death yak
  4584 | Lair:5   | Noticed a catoblepas
  4642 | Lair:5   | Killed a catoblepas
  4663 | Lair:5   | Found a runed translucent door.
  4663 | Lair:5   | Noticed suse60's ghost (journeyman HuFi)
  4831 | Lair:5   | Received a gift from Sif Muna
  4846 | Lair:5   | Learned a level 5 spell: Summon Forest
  4861 | Lair:5   | Noticed a death yak
  4879 | Lair:5   | Killed a death yak
  4890 | Lair:5   | Noticed a deep troll shaman
  4900 | Lair:5   | Killed a death yak
  4905 | Lair:5   | Killed a deep troll shaman
  4906 | Lair:5   | Reached XP level 14. HP: 58/93 MP: 0/31
  5007 | Lair:5   | Learned a level 4 spell: Animate Dead
  5107 | Swamp:1  | Entered Level 1 of the Swamp
  5126 | Swamp:1  | HP: 1/93 [seven-headed hydra (10)]
  5126 | Swamp:1  | Mangled by a seven-headed hydra

Illustrated notes

Levels and vault maps discovered:
D:1:      beargit_arrival_greenhouse, layout_loops_corners
D:2:      layout_rooms, dreamdust_ecumenical_altar_statues, minmay_box_of_dots
D:3:      layout_basic, serial_shops, shop, shop_fountains
D:4:      minmay_opposing_rooms, layout_loops_ring, enter_ossuary_2,
          gup_sewer_entry_bowl, uniq_ijyb
D:5:      layout_gridville, chequers_serial_rivers_micro_e, uniq_menkaure
D:6:      layout_basic
D:7:      layout_loops_cross, kennysheep_little_box, lemuel_temple_firewalk_a,
          serial_shops, nicolae_shop_window_shopping, uniq_joseph
D:8:      layout_layer_cave, lair_entry_dummy, minmay_curled_crystal
D:9:      layout_cave_pools, minivault_7, uniq_maggie
D:10:     layout_roguey [special_room_orc]
D:11:     layout_basic, gammafunk_ghost_hydra_chop, nicolae_inconvenience_store,
          uniq_urug, uniq_erica
D:12:     layout_loops_ring, orc_0_dummy, nicolae_danse_macabre, uniq_sonja,
          uniq_nergalle
Temple:   mainiacjoe_temple_archimedes_tessellation
Lair:1:   layout_loops_ring, portal_ice_cave_rime, nicolae_quartered_pool_super
Lair:2:   beast_lair_carwin_large_2, layout_cave_pods
Lair:3:   beast_lair_carwin_large_3, layout_layer_cave,
          skrybe_swamp_entry_bodies, nicolae_spider_entry_non_spiders,
          serial_bayou_shore_a, uniq_nessos
Lair:4:   layout_misc_corridors, dpeg_slime_entry_enclosed
Lair:5:   grunt_lair_end_beastmaster, layout_loops_ring, gammafunk_ghost_grave,
          lemuel_oklob_altar
Swamp:1:  layout_falls_marsh, evilmike_swamp_ruin_rubble_2, swamp_pool1,
          nicolae_swamp_big_swirl, uniq_frances, uniq_kirke

Skill      XL: |  1  2  3  4  5  6  7  8  9 10 11 12 13 |
---------------+----------------------------------------+-----
Spellcasting   | 3 4 5 6 7 9 12 | 12.2
Earth Magic    | 4 5 6 8 |  8.0
Conjurations   | 1 2 3 5 6 |  6.0
Ice Magic      | 1 2 3 4 5 6 |  6.0
Ranged Weapons | 2 4 6 |  6.0
Summonings     | 3 7 |  7.1
Invocations    | 9 10 | 10.0
Translocations | 8 9 |  9.1
Transmutations | 4 |  4.2
Fire Magic     | 5 12 | 12.9
Dodging        | |  2.4
Stealth        | |  1.4
Necromancy     | |  0.5

Action                   |  1- 3 |  4- 6 |  7- 9 | 10-12 | 13-15 || total
-------------------------+-------+-------+-------+-------+-------++-------
Melee: Unarmed           |     2 |     6 |       |       |       ||     8
       Sling             |       |       |     1 |       |       ||     1
       Staff             |       |       |       |       |     1 ||     1
 Fire: Sling             |       |       |    56 |    71 |    44 ||   171
 Cast: Sandblast         |    21 |    75 |    32 |    22 |     7 ||   157
       Passwall          |     3 |       |    16 |     7 |     4 ||    30
       Stone Arrow       |       |       |    66 |   163 |    93 ||   322
       Frozen Ramparts   |       |       |     2 |    39 |    19 ||    60
       Summon Ice Beast  |       |       |     1 |    40 |    31 ||    72
       Passage of Golubr |       |       |       |    59 |    54 ||   113
       Apportation       |       |       |       |       |    22 ||    22
       Starburst         |       |       |       |       |     1 ||     1
Evoke: Wand              |       |       |       |     1 |     2 ||     3
  Use: Scroll            |     3 |       |     8 |     3 |     6 ||    20
       Potion            |       |     2 |     1 |     6 |       ||     9
Armor: Robe              |     3 |    18 |    13 |    66 |    21 ||   121
Dodge: Dodged            |    11 |    46 |    36 |   125 |    42 ||   260
